 Dungeon Crawl Stone Soup version 0.31-a0-196-g86fe4a5e66 (webtiles) character file.

Game seed: 9008042027291255076

106 innerfire43 the Ducker (level 4, -5/35 HPs)
             Began as a Demonspawn Monk on June 24, 2023.
             Slain by rinse's ghost (8 damage)
             ... on level 3 of the Dungeon.
             The game lasted 00:03:14 (2156 turns).

innerfire43 the Ducker (Demonspawn Monk)            Turns: 2156, Time: 00:03:14

Health: -5/35      AC:  7    Str: 13    XL:     4   Next: 55%
Magic:  4/4        EV: 11    Int: 12    God:
Gold:   131        SH:  0    Dex: 15    Spells: 3/3 levels left

rFire   . . .        a - +1 hand axe
rCold   . . .        d - orb {light}
rNeg    . . .        j - +0 ring mail
rPois   .            (no helmet)
rElec   .            h - +1 cloak
rCorr   .            (no gloves)
SInv    .            (no boots)
Will    .....        p - amulet of magic regeneration
Stlth   +            (no ring)
HPRegen 0.25/turn    (no ring)
MPRegen 0.49/turn

%: no passive effects
@: attractive, glowing
A: hooves 2
a: no special abilities


You were on level 3 of the Dungeon.
You visited 1 branch of the dungeon, and saw 3 of its levels.

You collected 131 gold pieces.

Inventory:

Hand Weapons
 a - a +1 hand axe (weapon)
Missiles
 g - 6 silver javelins
Armour
 b - a +0 robe
 d - an orb of light (worn)
 h - a +1 cloak (worn)
 j - a +0 ring mail (worn)
Jewellery
 p - an amulet of magic regeneration (around neck)
Scrolls
 k - 2 scrolls of teleportation
 l - a scroll of enchant weapon
Potions
 c - 2 potions of ambrosia
 e - 3 potions of heal wounds
 i - 2 potions of curing
 n - a potion of enlightenment


   Skills:
 + Level 3.5 Fighting
 * Level 3.7 Axes
 * Level 3.7 Dodging


You had 3 spell levels left.
You didn't know any spells.
Your spell library contained the following spells:

 Spells                   Type           Power      Damage    Failure   Level
 Call Canine Familiar     Summ           0%         N/A       91%         3
 Portal Projectile        Hex/Tloc       0%         N/A       91%         3
 Leda's Liquefaction      Hex/Erth       0%         N/A       100%        4


Dungeon Overview and Level Annotations

Branches:
Dungeon (3/15)

Altars:

Annotations:
D:3 rinse's ghost, amateur MfGl


Innate Abilities, Weirdness & Mutations

You have hoof-like feet.


Message History

n - a potion of enlightenment
As you read the scroll labelled OWASEE KIDOM, it crumbles to dust.
Magic quickly surges around you.
It was a scroll of vulnerability.
As you read the scroll labelled WAHEUROMEF, it crumbles to dust.
You feel aware of your surroundings.
It was a scroll of revelation.
There is a stone staircase leading down here.
The orc shouts!
The orc shouts!
Rinse's ghost turns its malevolent gaze towards you.
Could not explore, unopened runed door.
The orc shouts!
You feel your willpower return.
Rinse's ghost shrieks, "You must not fail where I succeeded!"
Rinse's ghost wails, "There is no future for me!"
It was a potion of attraction.
You feel attractive to monsters.
You open the gate. The orc hits you but does no damage.
You hit the orc. Your kick misses the orc.
The orc is lightly wounded.
You hit the orc. You closely miss rinse's ghost. The orc barely misses you.
The orc hits you but does no damage. Rinse's ghost hits you!
The orc is attracted toward you. x2
You barely miss the orc.
The orc is lightly wounded.
You closely miss rinse's ghost. You hit the orc but do no damage.
You hit the orc.
The orc hits you with the +9 spear "Rinoet" {elec, Dex+5}.
The orc closely misses you. The orc barely misses you.
Rinse's ghost closely misses you.
You hit the orc.
The orc is moderately wounded.
You barely miss rinse's ghost. You hit the orc but do no damage.
You barely miss the orc. The orc hits you but does no damage.
You are electrocuted!!
Ouch! That really hurt!
* * * LOW HITPOINT WARNING * * *
The orc hits you but does no damage. The orc hits you with a +0 hand axe.
* * * LOW HITPOINT WARNING * * *
Rinse's ghost hits you!
You die...

#.# ***############.# #. #.#
#8....._[....8#.# ## #.#
#.............#.######## #.#
#.#8#..8..#8#.#.#####... #.#
#.###.....###.#.#####...
#.#####....#####....#.#####...
#.....#......o.§....#.####....
############Woo######.####....
#######8......@o.....8..###.)..
#......................#...>...
#.#####........#.####.#...#.###
#.# #.########>###.#.###..###
#.# #)# #.##.#.#####..## #.#
#÷# #.###.(# ###.#.. #.# #.#
#.# ##.#####..## #.#
#.########.# ##.###..### #.#
#........#.# ##...#.###


You could see rinse's ghost and 4 orcs.

Vanquished Creatures
  2 adders
  2 worms
  5 dart slugs
  An orc (D:3)
  5 endoplasms
  4 giant cockroaches
  4 goblins
  7 hobgoblins
  3 quokkas
  8 ball pythons
  9 bats
  13 frilled lizards
  6 kobolds
  5 rats
74 creatures vanquished.

Notes
Turn   | Place    | Note
-------+----------+-------------------------------------------
     0 | D:1      | innerfire43 the Demonspawn Monk began the quest for the
                  | Orb.
     0 | D:1      | Reached XP level 1. HP: 18/18 MP: 1/1
     4 | D:1      | You fall into a shaft and drop 1 floor!
   163 | D:1      | Gained mutation: You have large cloven feet. [demonic
                  | ancestry]
   163 | D:1      | Reached XP level 2. HP: 24/24 MP: 2/2
   352 | D:1      | Reached XP level 3. HP: 29/29 MP: 3/3
   811 | D:2      | Found a faded altar of an unknown god.
  1099 | D:2      | Gained mutation: You have hoof-like feet. [demonic
                  | ancestry]
  1099 | D:2      | Reached XP level 4. HP: 35/35 MP: 4/4
  1675 | D:3      | Found a runed translucent gate.
  1676 | D:3      | Noticed rinse's ghost (amateur MfGl)
  1721 | D:3      | Identified the +9 spear "Rinoet" {elec, Dex+5}
  1722 | D:3      | Found a runed translucent gate.
  1722 | D:3      | Found a runed translucent gate.
  2156 | D:3      | Slain by rinse's ghost

Illustrated notes

Levels and vault maps discovered:
D:1:      lightli_arrival_farm, layout_loops_ring,
          nicolae_concentric_dashed_squares_mild, chequers_serial_rivers_room_a,
          minmay_lizard_king
D:2:      layout_rooms, ebering_ecumenical_altar_rust, nrook_uturn,
          minmay_box_of_dots
D:3:      layout_loops_ring, biasface_ghost_orc_armoury

Skill      XL: |  1  2 |
---------------+-------+-----
Axes           | 3 |  3.7
Dodging        | 3 |  3.7
Fighting       | |  3.5

Action                     |  1- 3 |  4- 6 || total
---------------------------+-------+-------++-------
  Melee: Hand axe          |   114 |    56 ||   170
         Kick              |    27 |    12 ||    39
    Use: Scroll            |       |     8 ||     8
         Potion            |       |     1 ||     1
 Armour: Robe              |     8 |       ||     8
         Ring mail         |    28 |    28 ||    56
  Dodge: Dodged            |    76 |    27 ||   103

Table legend: (Time is in decaauts)
 A = Elapsed time spent in this place.
 B = Non-inter-level travel time spent in this place.
 C = Inter-level travel time spent in this place.
 D = Time resting spent in this place.
 E = Time spent auto-exploring this place.
 F = Levels seen in this place.
 G = Mean time per level.
                   A        B        C        D        E       F      G
               +--------+--------+--------+--------+--------+-----+--------+
         Total |   2194 |   2096 |     98 |      0 |   1606 |   3 |  731.3 |
       Dungeon |   2194 |   2096 |     98 |      0 |   1606 |   3 |  731.3 |
               +--------+--------+--------+--------+--------+-----+--------+

Top non-repeatable levels by time:
     D:3: 891 daAuts
     D:1: 715 daAuts
     D:2: 587 daAuts
